 Dungeon Crawl Stone Soup version 0.24-a0-616-ge2a249a6fd (webtiles) character file.

Game seed: 3046625276393894644, levelgen mode: deterministic

78828 CornEater the Geomancer (level 15, -15/93 HPs)
             Began as a Gargoyle Earth Elementalist on Sept 13, 2019.
             Was a High Priest of Vehumet.
             Demolished by a black mamba (19 damage)
             ... on level 6 of the Lair of Beasts on Sept 14, 2019.
             The game lasted 01:36:08 (23069 turns).

CornEater the Geomancer (GrEE)                     Turns: 23069, Time: 01:36:09

Health: -15/93     AC: 32    Str: 13    XL:     15   Next: 61%
Magic:  4/26       EV: 17    Int: 28    God:    Vehumet [*****.]
Gold:   908        SH:  0    Dex: 13    Spells: 7/33 levels left

rFire    . . .     SeeInvis .   c - +7 flail (venom)
rCold    . . .     Gourm    .   (no shield)
rNeg     + . .     Faith    .   u - +1 robe of Limitation {rElec Int+7}
rPois    ∞         Spirit   .   S - +2 helmet
rElec    +         Reflect  .   x - +2 cloak {MR+}
rCorr    .         Harm     .   r - +2 pair of gloves
MR       ++...                  (no boots)
Stlth    ++........             (no amulet)
HPRegen  0.25/turn              g - +3 ring of protection
MPRegen  0.20/turn              z - ring "Eliagh" {+Inv Dex+3}

@: flying
A: big wings, slimy green scales 1, thin metallic scales 1, yellow scales 1,
deformed body, low mp 1, negative energy resistance 1, electricity resistance,
unbreathing, petrification resistance, rot immunity, AC +11
a: Stop Flying, Renounce Religion, Evoke Invisibility


You were on level 6 of the Lair of Beasts.
You worshipped Vehumet.
Vehumet was extremely pleased with you.
You were very hungry.

You visited 3 branches of the dungeon, and saw 21 of its levels.

You collected 1766 gold pieces.
You spent 858 gold pieces at shops.

Inventory:

Hand Weapons
 c - a +7 flail of venom (weapon)
 v - the cursed +14 obsidian axe {chop, +Fly SInv *Curse}
   (You found it on level 8 of the Dungeon)

   It inflicts extra damage upon your enemies.
   It lets you see invisible.
   It lets you fly.
   It curses itself when equipped.
   It has a curse placed upon it.
 y - a +1 morningstar of venom
 K - a cursed +3 morningstar
Missiles
 b - 278 stones (quivered)
 H - 7 throwing nets
Armour
 q - a +2 robe of magic resistance
 r - a +2 pair of gloves (worn)
 u - the +1 robe of Limitation (worn) {rElec Int+7}
   (You found it on level 6 of the Dungeon)

   It affects your intelligence (+7).
   It insulates you from electricity.
 x - a +2 cloak of magic resistance (worn)
 S - a +2 helmet (worn)
 T - a +2 robe of cold resistance
Jewellery
 f - an uncursed ring of flight
 g - a +3 ring of protection (left hand)
 z - the ring "Eliagh" (right hand) {+Inv Dex+3}
   (You found it on level 13 of the Dungeon)

   [ring of dexterity]

   It affects your dexterity (+3).
   It lets you turn invisible.
 D - an uncursed ring of ice
 P - an uncursed ring of protection from fire
 Q - the ring "Qegu" {+Blink rF+}
   (You found it on level 1 of the Lair of Beasts)

   [ring of protection from fire]

   It protects you from fire.
   It lets you blink.
Wands
 p - a wand of polymorph (2)
 t - a wand of paralysis (17)
 w - a wand of enslavement (8)
 B - a wand of iceblast (11)
 I - a wand of flame (1)
 M - a wand of acid (4)
 W - a wand of random effects (10)
Scrolls
 e - 3 scrolls of enchant armour
 h - 5 scrolls of amnesia
 k - 9 scrolls of remove curse
 n - 9 scrolls of teleportation
 A - 2 scrolls of immolation
 C - 2 scrolls of fog
 N - 3 scrolls of identify
Potions
 a - 6 potions of lignification
 i - 3 potions of berserk rage
 j - a potion of might
 l - a potion of ambrosia
 m - 2 potions of flight
 s - 4 potions of agility
 E - a potion of cancellation
 G - 3 potions of resistance
 J - 2 potions of brilliance
 L - 3 potions of curing
 O - 2 potions of invisibility
 U - a potion of haste
 X - a potion of mutation
Miscellaneous
 F - a box of beasts
 V - a lightning rod (4/4)
Comestibles
 d - 51 rations
 R - 9 chunks of flesh


   Skills:
 + Level 10.4 Fighting
 + Level 9.5 Maces & Flails
 - Level 6.0 Armour
 + Level 8.2 Dodging
 - Level 2.1 Stealth
 + Level 9.9 Spellcasting
 + Level 11.2 Conjurations
   Level 0.7 Transmutations
 * Level 10.0 Fire Magic
 + Level 12.8 Earth Magic
 - Level 6.0 Evocations


You had 7 spell levels left.
You knew the following spells:

 Your Spells              Type           Power        Failure   Level  Hunger
a - Sandblast             Erth           ######       0%          1    None
b - Stone Arrow           Conj/Erth      ######       1%          3    None
c - Lee's Rapid Deconstr  Erth           ######....   1%          5    ####...
d - Bolt of Magma         Conj/Fire/Erth ######....   1%          5    ####...
e - Iron Shot             Conj/Erth      ######....   1%          6    #####..
f - Bolt of Fire          Conj/Fire      ######....   2%          6    #####..

Your spell library contained the following spells:

 Spells                   Type           Power        Failure   Level  Hunger
 Magic Dart               Conj           ####         1%          1    None
 Passwall                 Tmut/Erth      ######..     1%          2    None
 Searing Ray              Conj           ######       1%          2    None
 Conjure Flame            Conj/Fire      ######..     1%          3    None
 Dazzling Spray           Conj/Hex       #####.       1%          3    None
 Inner Flame              Hex/Fire       #####...     1%          3    None
 Mephitic Cloud           Conj/Pois/Air  ####....     1%          3    None
 Force Lance              Conj/Tloc      #####...     1%          4    None
 Fulminant Prism          Conj/Hex       #####.....   1%          4    None
 Iskenderun's Mystic Bla  Conj           ######..     1%          4    None
 Petrify                  Tmut/Erth      ######..     2%          4    None
 Beastly Appendage        Tmut           ###...       3%          1    None
 Bolt of Draining         Conj/Necr      #####.....   3%          5    ####...
 Animate Skeleton         Necr           N/A          4%          1    None
 Confusing Touch          Hex            ##....       4%          1    None
 Pain                     Necr           ##..         4%          1    None
 Sticks to Snakes         Tmut           ###.....     4%          2    None
 Corpse Rot               Necr           N/A          6%          2    None
 Poisonous Vapours        Pois/Air       ##....       6%          2    None
 Spider Form              Tmut/Pois      ###.......   11%         3    None
 Olgreb's Toxic Radiance  Pois           ##......     11%         4    None
 Confuse                  Hex            ##......     12%         3    None
 Gell's Gravitas          Tloc           ##........   12%         3    None
 Regeneration             Chrm/Necr      ##........   12%         3    None
 Vampiric Draining        Necr           ##........   12%         3    None
 Yara's Violent Unravell  Hex/Tmut       ###.......   24%         5    ####...
 Freezing Cloud           Conj/Ice/Air   ####......   32%         6    #####..
 Ice Form                 Ice/Tmut       ###.....     34%         4    None
 Animate Dead             Necr           N/A          38%         4    None
 Blade Hands              Tmut           ###.......   63%         5    ####...
 Agony                    Necr           ##......     75%         5    ####...
 Dispel Undead            Necr           ##......     75%         5    ####...
 Excruciating Wounds      Chrm/Necr      ##........   75%         5    ####...
 Metabolic Englaciation   Hex/Ice        ##........   75%         5    ####...
 Ring of Flames           Chrm/Fire      #####.....   99%         7    #######
 Sublimation of Blood     Necr           Unusable     N/A         2    N/A

Dungeon Overview and Level Annotations

Branches:
Dungeon (14/15)            Temple (1/1) D:5            Lair (6/6) D:10
  Swamp (0/4) Lair:4        Snake (0/4) Lair:2        Slime (0/5) Lair:6
    Orc (0/2) D:12         Vaults (0/5) D:13

Altars:
Ashenzari
Cheibriados
Dithmenos
Elyvilon
Fedhas
Gozag
Hepliaklqana
Kikubaaqudgha
Makhleb
Nemelex Xobeh
Okawaru
Qazlal
Ru
Sif Muna
Trog
Uskayaw
Vehumet
Wu Jian
Xom
Yredelemnul
Zin
The Shining One
Jiyva

Shops:
D:5 [   D:6 ?(?   D:7 %}(?   D:12 *

Portals:
Trove: D:13 (give 17 scrolls of teleportation)


Innate Abilities, Weirdness & Mutations

You are resistant to torment.
Your stone body is resilient. (AC +11)
You are immune to poison.
Your large and strong wings let you fly indefinitely.
You resist negative energy. (rN+)
You are resistant to electric shocks. (rElec)
You can survive without breathing.
You are immune to petrification.
You are immune to rotting.
You are partially covered in slimy green scales. (AC +2)
You are partially covered in thin metallic scales. (AC +2)
You are partially covered in yellow scales. (AC +2)
Armour fits poorly on your strangely shaped body.
Your magical capacity is low. (-10% MP)


Message History

You hear a bellow!
The black mamba bites you but does no damage. x2
The black mamba misses you. The black mamba bites you!
* * * LOW HITPOINT WARNING * * *
The black mamba bites you but does no damage.
The black mamba closely misses you.
Unknown command.
You feel much better. The black mamba bites you!
* * * LOW HITPOINT WARNING * * *
The black mamba misses you.
Unknown command.
The black mamba bites you but does no damage.
The black mamba bites you.
* * * LOW HITPOINT WARNING * * *
Unknown command.
The black mamba bites you!
* * * LOW HITPOINT WARNING * * *
The black mamba misses you. The wyvern closely misses you.
The black mamba bites you!!
You die...

..####**,**P..,,,,,,,,**** **,,,
#..P.# *###...*,,,*,*,**,****,,**
#....####.#.#,*,,,*,,,,,,,,,,,,**
.#...#.PP..#***,,,,,,,,,,,,,,,,,*
.##........# ******,,,,,,***,,,.
...........###### ***,,,,* *,,,.
..........##.##.#### *,,,***##*,,
#...##.........###.# *,*,,##.#*,,
######..##......@w## ***,.....,,,
###P.####.#...lS§### **..P..,,,
###..P..##.##.##P§§§§##*P...P,,,,
.#......P########§§§§§##..#...,*,
...P..P.##,****,##§P§P§....P..,,*
..##....#,,,,,,,,#§§§§§#......,,,
.P##..÷÷##,,,,,,##..†.##,.....,,,
...##....#,,,,,,#...†##,,,...#,,,
P††.##...##,,,,*#...##,,,,,..#,*,


You could see a tyrant leech, a black mamba (berserk) and a wyvern.

Vanquished Creatures
  Snorg (Lair:3)
  Josephine (Lair:6)
  The ghost of Qaib the Nimble, a journeyman OpWz of Sif Muna (Lair:3)
  9 hydras
  An ogre mage (D:14)
  Fannar (Lair:3)
  Harold (D:10)
  A catoblepas (Lair:5)
  8 two-headed ogres
  2 centaur warriors
  6 death yaks
  A tengu warrior (D:14)
  2 wizards (D:14)
  A lindwurm (Lair:5)
  An orb spider (D:10)
  11 ugly things
  A wolf spider (D:13)
  A deep elf mage (D:13)
  An oklob plant (Lair:1)
  A moth of wrath (Lair:6)
  4 manticores
  Psyche (D:10)
  7 elephants (Lair:5)
  6 cyclopes
  4 black mambas
  A torpor snail (Lair:6)
  A gargoyle (D:13)
  18 spiny frogs
  A yaktaur (D:13)
  A rime drake (Lair:1)
  A centaur skeleton (D:14)
  5 komodo dragons
  A kobold demonologist (D:12)
  A tengu conjurer (D:14)
  A wind drake (shapeshifter) (D:14)
  A queen bee (D:14)
  A polar bear (Lair:3)
  A tyrant leech (Lair:6)
  3 meliai (D:14)
  Grinder (D:5)
  A hornet (D:12)
  6 trolls
  10 blink frogs
  9 hippogriffs
  4 slime creatures (D:13)
  2 centaur simulacra (D:13)
  Sigmund (D:4)
  2 redbacks (Lair:6)
  44 yaks
  7 wyverns
  2 shadows
  A vampire (D:12)
  2 water elementals (D:12)
  7 wraiths
  A basilisk (Lair:6)
  A golden eye (D:8)
  2 vampire mosquitoes (D:12)
  A hungry ghost (D:7)
  3 nagas (Lair:2)
  Edmund (D:4)
  14 water moccasins
  11 porcupines
  2 phantoms
  3 orc warriors
  2 ice beasts
  A sky beast (D:8)
  6 black bears
  4 ogres
  A boggart (D:13)
  A necrophage (D:13)
  18 centaurs
  17 crocodiles
  8 big kobolds
  20 bullfrogs
  Blork the orc (D:4)
  A gnoll sergeant (D:10)
  7 scorpions
  A wyvern skeleton (D:11)
  42 killer bees
  6 electric eels
  22 wights
  6 howler monkeys
  4 crimson imps
  2 bullfrog zombies
  A quasit (D:11)
  2 centaur zombies
  5 jellies
  A gnoll shaman (D:8)
  6 hounds
  14 orc priests
  6 iguanas
  23 orc wizards
  11 worker ants
  A killer bee zombie (D:8)
  2 hound skeletons
  3 worker ant zombies
  10 gnolls
  16 adders
  A howler monkey skeleton (D:4)
  4 shadow imps
  An ooze (D:9)
  An adder skeleton (D:5)
  An adder zombie (D:5)
  A worm (D:2)
  2 dart slugs
  2 leopard geckos
  54 orcs
  3 bats
  4 giant cockroaches
  9 goblins
  8 hobgoblins
  6 jackals
  34 kobolds
  A ball python (D:2)
  7 frilled lizards
  2 jackal skeletons (D:4)
  2 leopard gecko skeletons
  A quokka zombie (D:8)
  2 rats
  A fungus (Lair:1)
  2 plants (Lair:6)
669 creatures vanquished.

Vanquished Creatures (others)
  A yak (Lair:5)
  2 orc wizards (D:3)
  2 orcs (D:12)
  A hobgoblin (D:3)
  2 frilled lizards (D:3)
  4 bushes (Lair:6)
  22 fungi
  35 plants
69 creatures vanquished.

Grand Total: 738 creatures vanquished

Notes
Turn   | Place    | Note
-------+----------+-------------------------------------------
     0 | D:1      | CornEater the Gargoyle Earth Elementalist began the quest
                  | for the Orb.
     0 | D:1      | Reached XP level 1. HP: 10/10 MP: 3/3
   414 | D:1      | Reached skill level 4 in Earth Magic
   414 | D:1      | Reached XP level 2. HP: 14/15 MP: 5/5
  1121 | D:2      | Reached XP level 3. HP: 18/19 MP: 6/6
  1126 | D:2      | Learned a level 3 spell: Stone Arrow
  1585 | D:3      | Found a radiant altar of Vehumet.
  1621 | D:3      | Gained mutation: Armour fits poorly on your strangely
                  | shaped body. [potion of mutation]
  1621 | D:3      | Lost mutation: Armour fits poorly on your strangely shaped
                  | body. [potion of mutation]
  1621 | D:3      | Gained mutation: You can translocate small distances at
                  | will. [potion of mutation]
  1621 | D:3      | Gained mutation: You are covered in fur. (AC +1) [potion of
                  | mutation]
  1622 | D:3      | Lost mutation: You are covered in fur. (AC +1) [potion of
                  | mutation]
  1622 | D:3      | Gained mutation: Your magical capacity is low. (-10% MP)
                  | [potion of mutation]
  1622 | D:3      | Gained mutation: You are surrounded by a mild repulsion
                  | field. (EV +2) [potion of mutation]
  1711 | D:3      | Found a hide-covered altar of Uskayaw.
  1803 | D:3      | Reached skill level 1 in Conjurations
  1803 | D:3      | Reached XP level 4. HP: 6/24 MP: 3/7
  1810 | D:3      | Reached skill level 5 in Earth Magic
  1992 | D:3      | Reached XP level 5. HP: 24/28 MP: 5/8
  1999 | D:3      | Learned a level 5 spell: Lee's Rapid Deconstruction
  3237 | D:3      | Found an ornate altar of the Wu Jian Council.
  3686 | D:4      | Found an opulent altar of Gozag.
  3711 | D:4      | Reached XP level 6. HP: 30/32 MP: 2/10
  3789 | D:4      | Noticed Edmund
  3793 | D:4      | Killed Edmund
  3793 | D:4      | Reached skill level 6 in Earth Magic
  3796 | D:4      | Reached XP level 7. HP: 36/36 MP: 6/12
  3799 | D:4      | Noticed Sigmund
  3812 | D:4      | Killed Sigmund
  4089 | D:4      | Noticed Blork the orc
  4094 | D:4      | Killed Blork the orc
  4513 | D:5      | Entered Level 5 of the Dungeon
  4618 | D:5      | Reached skill level 1 in Fighting
  4618 | D:5      | Reached skill level 1 in Maces & Flails
  4618 | D:5      | Reached skill level 1 in Armour
  4618 | D:5      | Reached XP level 8. HP: 43/43 MP: 2/13
  4618 | D:5      | Reached skill level 1 in Evocations
  4715 | D:4      | Reached skill level 7 in Earth Magic
  5056 | D:5      | Reached skill level 5 in Spellcasting
  5089 | D:5      | Noticed Grinder
  5293 | D:5      | Found an ancient bone altar of Kikubaaqudgha.
  5329 | D:5      | Killed Grinder
  5402 | D:5      | Found Zorid's Armour Shoppe.
  5467 | D:5      | Found a staircase to the Ecumenical Temple.
  5473 | D:5      | Reached skill level 5 in Conjurations
  5491 | Temple   | Entered the Ecumenical Temple
  5918 | D:6      | Found a bloodstained altar of Trog.
  5926 | D:6      | Reached XP level 9. HP: 46/49 MP: 8/15
  6176 | D:6      | Found Zuafyas's Weapon Boutique.
  6217 | D:6      | Found a shimmering altar of Xom.
  6464 | D:6      | Found Ennixill's Magic Scroll Shop.
  6526 | D:6      | Found Zetuvuc's Magic Scroll Shoppe.
  6557 | D:6      | Got a steaming robe
  6568 | D:6      | Identified the +1 robe of Limitation {rElec Int+7} (You
                  | found it on level 6 of the Dungeon)
  6771 | D:3      | Became a worshipper of Vehumet
  6936 | D:7      | Found Miomnaush's Food Boutique.
  6947 | D:7      | Found Socau's Antique Weapon Shoppe.
  7095 | D:7      | Found an iron altar of Okawaru.
  7188 | D:7      | Reached skill level 8 in Earth Magic
  7318 | D:7      | Reached * piety under Vehumet
  7318 | D:7      | Offered knowledge of Freeze by Vehumet.
  7461 | D:7      | Found Ysicomunk's Gadget Shop.
  7551 | D:7      | Found Mep Apha's Magic Scroll Shop.
  7690 | D:7      | Reached XP level 10. HP: 56/56 MP: 6/17
  8203 | D:8      | Noticed Maurice
  8206 | D:8      | Noticed Maurice
  8206 | D:8      | Maurice changed into Maurice the golden eye
  8213 | D:8      | Killed Maurice the golden eye
  8336 | D:8      | Found a basalt altar of Yredelemnul.
  8437 | D:8      | Found the cursed +14 obsidian axe {chop, +Fly SInv *Curse}
  8737 | D:8      | Reached ** piety under Vehumet
  8858 | D:6      | Bought a scroll of acquirement for 520 gold pieces
  8866 | D:6      | Bought a scroll of teleportation for 30 gold pieces
  8866 | D:6      | Bought a scroll of identify for 20 gold pieces
  8866 | D:6      | Bought a scroll of identify for 20 gold pieces
  8913 | D:6      | Bought a scroll of identify for 24 gold pieces
  8913 | D:6      | Bought a scroll of identify for 24 gold pieces
  8913 | D:6      | Bought a scroll of immolation for 42 gold pieces
  8913 | D:6      | Bought a scroll of immolation for 42 gold pieces
  8961 | D:6      | Offered knowledge of Magic Dart by Vehumet.
  9318 | D:9      | Found a hazy altar of Hepliaklqana.
  9338 | D:9      | Found a snail-covered altar of Cheibriados.
  9454 | D:9      | Reached skill level 5 in Fighting
  9818 | D:10     | Entered Level 10 of the Dungeon
  9823 | D:10     | Noticed Psyche
  9830 | D:10     | Killed Psyche
  9830 | D:10     | Reached skill level 5 in Armour
 10042 | D:10     | Offered knowledge of Searing Ray by Vehumet.
 10047 | D:10     | Reached skill level 9 in Earth Magic
 10083 | D:10     | Noticed Harold
 10089 | D:10     | Killed Harold
 10089 | D:10     | Reached skill level 5 in Maces & Flails
 10089 | D:10     | Reached XP level 11. HP: 60/64 MP: 5/18
 10139 | D:10     | Found a staircase to the Lair.
 10144 | D:10     | Reached *** piety under Vehumet
 10293 | D:10     | Noticed an orb spider
 10293 | D:10     | a hornet changed into an orb spider
 10296 | D:10     | Killed an orb spider
 10421 | D:10     | Lost mutation: You are surrounded by a mild repulsion
                  | field. (EV +2) [potion of mutation]
 10421 | D:10     | Lost mutation: You can translocate small distances at will.
                  | [potion of mutation]
 10421 | D:10     | Gained mutation: You are partially covered in thin metallic
                  | scales. (AC +2) [potion of mutation]
 10421 | D:10     | Gained mutation: You are partially covered in slimy green
                  | scales. (AC +2) [potion of mutation]
 10421 | D:10     | Gained mutation: Armour fits poorly on your strangely
                  | shaped body. [potion of mutation]
 10421 | D:10     | Gained mutation: You are partially covered in yellow
                  | scales. (AC +2) [potion of mutation]
 10576 | D:10     | Offered knowledge of Iskenderun's Mystic Blast by Vehumet.
 10729 | D:11     | Noticed a cyclops
 10740 | D:11     | Killed a cyclops
 10823 | D:11     | Reached skill level 5 in Dodging
 10823 | D:11     | Reached skill level 5 in Evocations
 10976 | D:11     | Identified the +6 trident of Yredelemnul's Anger {elec, rF-
                  | rN++ Int+5} (You found it on level 11 of the Dungeon)
 11041 | D:11     | Noticed a green ugly thing
 11061 | D:11     | Killed a white ugly thing
 11399 | D:11     | Reached **** piety under Vehumet
 11452 | D:11     | Offered knowledge of Inner Flame by Vehumet.
 11691 | D:11     | Noticed a two-headed ogre
 11693 | D:11     | Noticed a five-headed hydra
 11698 | D:11     | Killed a two-headed ogre
 11698 | D:11     | Reached skill level 10 in Earth Magic
 11698 | D:11     | Reached XP level 12. HP: 71/71 MP: 5/20
 11703 | D:11     | Killed a five-headed hydra
 12405 | D:12     | Reached ***** piety under Vehumet
 12428 | D:12     | Offered knowledge of Bolt of Magma by Vehumet.
 12437 | D:12     | Learned a level 5 spell: Bolt of Magma
 12444 | D:12     | Found Xeazu's Assorted Antiques.
 12480 | D:12     | Bought a scroll labeled BULOTHR GEATED for 36 gold pieces
 12480 | D:12     | Bought a red potion for 32 gold pieces
 12480 | D:12     | Bought a scroll labeled ODGHAI PUOME for 36 gold pieces
 12480 | D:12     | Bought a black potion for 32 gold pieces
 12678 | D:12     | Reached skill level 1 in Fire Magic
 12765 | D:12     | Found a staircase to the Orcish Mines.
 13090 | D:12     | Identified the +5 hunting sling of Irrepressible Laughter
                  | {freeze, +Fly rPois rF+ Dex-5}
 13613 | D:13     | Noticed a two-headed ogre
 13628 | D:13     | Killed a two-headed ogre
 13861 | D:13     | Found a portal to a secret trove of treasure.
 13939 | D:13     | Noticed a centaur warrior
 13947 | D:13     | Killed a centaur warrior
 14030 | D:13     | Reached XP level 13. HP: 78/78 MP: 19/22
 14192 | D:13     | Reached skill level 11 in Earth Magic
 14328 | D:13     | Identified the Incunabulum of Igneous Contamination
 14337 | D:13     | Learned a level 6 spell: Bolt of Fire
 14469 | D:13     | Found a gate to the Vaults.
 14501 | D:13     | Got a scintillating copper ring
 14502 | D:13     | Identified the ring "Eliagh" {+Inv Dex+3} (You found it on
                  | level 13 of the Dungeon)
 14535 | D:13     | Reached skill level 5 in Fire Magic
 14950 | D:14     | Offered knowledge of Bolt of Cold by Vehumet.
 15222 | D:14     | Noticed an ogre mage
 15225 | D:14     | Killed an ogre mage
 15996 | D:14     | Reached skill level 10 in Conjurations
 15996 | D:14     | Gained mutation: Your large and strong wings let you fly
                  | indefinitely. [Gargoyle growth]
 15996 | D:14     | Reached XP level 14. HP: 84/84 MP: 13/24
 16264 | Lair:1   | Entered Level 1 of the Lair of Beasts
 16273 | Lair:1   | Upgraded the game from 0.24-a0-615-g751f86b5a9 to
                  | 0.24-a0-616-ge2a249a6fd
 17729 | Lair:1   | Got a vibrating marble ring
 17732 | Lair:1   | Identified the ring "Qegu" {+Blink rF+} (You found it on
                  | level 1 of the Lair of Beasts)
 17829 | Lair:2   | Reached skill level 12 in Earth Magic
 17873 | Lair:2   | Found a staircase to the Snake Pit.
 18944 | Lair:3   | Noticed Snorg
 18948 | Lair:3   | Killed Snorg
 18948 | Lair:3   | Offered knowledge of Iskenderun's Battlesphere by Vehumet.
 18985 | Lair:3   | Noticed Fannar
 19120 | Lair:3   | Killed Fannar
 19148 | Lair:3   | Found a runed translucent door.
 19156 | Lair:3   | Noticed Qaib's ghost (journeyman OpWz)
 19175 | Lair:3   | Killed Qaib's ghost
 19582 | Lair:3   | You are sucked into a shaft and drop 3 floors!
 19582 | Lair:6   | Entered Level 6 of the Lair of Beasts
 20008 | Lair:4   | Reached XP level 15. HP: 44/92 MP: 25/25
 20590 | Lair:4   | Reached skill level 10 in Fighting
 20785 | Lair:4   | Found a staircase to the Swamp.
 21515 | Lair:5   | Offered knowledge of Iron Shot by Vehumet.
 22512 | Lair:6   | Noticed Josephine
 22514 | Lair:6   | Found a viscous altar of Jiyva.
 22514 | Lair:6   | Found a staircase to the Slime Pits.
 22520 | Lair:6   | Killed Josephine
 22762 | Lair:6   | Learned a level 6 spell: Iron Shot
 23044 | Lair:6   | Reached skill level 10 in Fire Magic
 23069 | Lair:6   | HP: 4/93 [black mamba (10)]
 23069 | Lair:6   | Demolished by a black mamba

Levels and vault maps discovered:
D:1:      dpeg_arrival_yet_another_circle, layout_loops_ring, st_stairs_13
D:2:      layout_rooms
D:3:      layout_loops_ring, lemuel_crystal_altar, lemuel_round_altar,
          fiery_altar_vehumet, corexii_corridor_pit, lemuel_flame_loot_1
D:4:      layout_gridville, grunt_gozag_statues, uniq_edmund, uniq_sigmund,
          uniq_blork_the_orc
D:5:      layout_rooms, old_standard_altar, minmay_temple_entry_sparse_star,
          first_ration, serial_shops, nicolae_shop_stone, uniq_grinder
D:6:      minmay_flawed_box, layout_loops_ring, trog_ov_bears_minmay,
          xom_teletrap_fun, serial_shops, shop, shop_statue, kennysheep_mini
D:7:      layout_basic, serial_shops, shop, shop_fountains, nicolae_shop_trees,
          shop_coins, basic_altar
D:8:      layout_loops_corners, kennysheep_little_box, uniq_maurice
D:9:      layout_irregular_city, cheibriados_altar_1, basic_altar
D:10:     layout_loops_ring, lair_entry_dummy, uniq_psyche, uniq_harold
D:11:     layout_basic, blue_anna_alchemist [blue_anna_fruit_fields,
          blue_anna_fruit_fields], hangedman_decor_clover_reticule
D:12:     layout_long_grid, erik_orc_2, serial_shops, nicolae_shop_stone
D:13:     minmay_cut_squares, layout_long_grid, david_vaults_1,
          nicolae_trove_entry_diagonal
D:14:     layout_roguey [special_room_bee]
Temple:   dshaligram_water_room_temple
Lair:1:   layout_regular_city, minmay_lair_oklob_items, serial_bayou_pond_e,
          serial_bayou_lagoon_b
Lair:2:   layout_gridlike, minmay_snake_entry_guardpost_small,
          guppyfry_lair_drakes, infiniplex_staircase_pool
Lair:3:   layout_hall_layers, ebering_ghost_inner_flame, grunt_megastairs_1,
          uniq_fannar, uniq_snorg
Lair:4:   layout_gridlike, palyth_hydra_swamp_entry, grunt_megastairs_2
Lair:5:   layout_cave_pods, beast_lair_carwin_9, lemuel_fruit_tree,
          grunt_megastairs_4
Lair:6:   hangedman_lair_tendril_chambers, layout_layer_cave,
          dpeg_slime_entry_enclosed_altar, worms_lemuel, uniq_josephine

Skill      XL: |  1  2  3  4  5  6  7  8  9 10 11 12 13 14 15 |
---------------+----------------------------------------------+-----
Earth Magic    | 4 5 6 7 8 9 10 11 12 | 12.8
Spellcasting   | 3 4 5 6 7 8 9 |  9.9
Conjurations   | 1 2 3 4 5 6 7 8 9 10 11 | 11.2
Fighting       | 1 2 4 5 6 7 8 9 10 | 10.4
Maces & Flails | 1 2 3 5 6 7 8 9 |  9.5
Armour         | 1 2 4 5 6 |  6.0
Dodging        | 2 3 4 5 6 7 8 |  8.2
Evocations     | 2 3 4 5 6 |  6.0
Fire Magic     | 4 6 9 10 | 10.0
Stealth        | |  2.1
Transmutations | |  0.7

Action                   |  1- 3 |  4- 6 |  7- 9 | 10-12 | 13-15 || total
-------------------------+-------+-------+-------+-------+-------++-------
Melee: Dagger            |   192 |    49 |       |       |       ||   241
       Flail             |       |       |   160 |   579 |   656 ||  1395
 Cast: Sandblast         |    12 |    23 |    47 |   114 |    64 ||   260
       Stone Arrow       |       |     6 |    13 |    21 |    13 ||    53
       Lee's Rapid Decon |       |       |    14 |    41 |    73 ||   128
       Bolt of Fire      |       |       |       |       |     2 ||     2
       Bolt of Magma     |       |       |       |       |    61 ||    61
       Iron Shot         |       |       |       |       |     3 ||     3
 Abil: Blink             |       |     8 |       |       |       ||     8
       Evoke Invisibilit |       |       |       |       |     2 ||     2
       Fly               |       |       |       |       |     1 ||     1
Evoke: Wand              |       |     9 |     1 |    15 |    17 ||    42
       Box of beasts     |       |       |       |       |     1 ||     1
  Use: Scroll            |     6 |     4 |     3 |    11 |     5 ||    29
       Potion            |     2 |     2 |     1 |     6 |     3 ||    14
 Stab: Sleeping          |     1 |     1 |     3 |     5 |     3 ||    13
       Invisible         |       |       |       |     3 |       ||     3
       Distracted        |       |       |       |       |     1 ||     1
  Eat: Chunk             |     2 |     5 |    17 |    30 |    40 ||    94
       Ration            |       |     1 |       |       |     3 ||     4
Armor: Robe              |    65 |    26 |    65 |   367 |   437 ||   960
Dodge: Dodged            |   111 |    44 |   144 |   538 |   634 ||  1471

Table legend:
 A = Non-vault XP
 B = Vault XP
 C = Vault XP percentage of total XP
 D = Non-vault monster count
 E = Vault monster count
 F = Vault count percentage of total count
                 A         B        C        D         E       F
            +---------+---------+-------+---------+---------+-------
      Total |   84367 |   28245 |  25.1 |     546 |     121 |  18.1
            +---------+---------+-------+---------+---------+-------
        D:1 |      15 |       1 |   6.2 |       9 |       1 |  10.0
        D:2 |      46 |       0 |   0.0 |      22 |       0 |   0.0
        D:3 |     218 |       0 |   0.0 |      26 |       0 |   0.0
        D:4 |     388 |     476 |  55.1 |      13 |       3 |  18.8
        D:5 |     636 |     281 |  30.6 |      26 |       1 |   3.7
        D:6 |     704 |     637 |  47.5 |      18 |      12 |  40.0
        D:7 |    1300 |       0 |   0.0 |      30 |       0 |   0.0
        D:8 |    1492 |     190 |  11.3 |      36 |       1 |   2.7
        D:9 |    1345 |       0 |   0.0 |      30 |       0 |   0.0
       D:10 |    2099 |    1431 |  40.5 |      29 |       2 |   6.5
       D:11 |    8849 |     100 |   1.1 |      55 |       1 |   1.8
       D:12 |    5862 |     571 |   8.9 |      52 |      18 |  25.7
       D:13 |    5855 |    5478 |  48.3 |      37 |      11 |  22.9
       D:14 |   18699 |    2517 |  11.9 |      35 |      25 |  41.7
     Lair:1 |    6038 |     550 |   8.3 |      32 |       1 |   3.0
     Lair:2 |    1903 |    1328 |  41.1 |       8 |       5 |  38.5
     Lair:3 |    6688 |    3509 |  34.4 |      19 |       4 |  17.4
     Lair:4 |    6525 |    2272 |  25.8 |      27 |       5 |  15.6
     Lair:5 |   13661 |    1757 |  11.4 |      35 |       7 |  16.7
     Lair:6 |    2044 |    7147 |  77.8 |       7 |      24 |  77.4
            +---------+---------+-------+---------+---------+-------
